 Dungeon Crawl Stone Soup version 0.18.1-48-g4cf74bf (webtiles) character file.

122222 tyranidshit the Warrior (level 16, -5/161 HPs)
             Began as a Demonspawn Abyssal Knight on Sept 9, 2016.
             Was the Champion of Lugonu.
             Slain by a salamander mystic
             ... wielding a +0 scimitar
              (16 damage)
             ... on level 4 of the Snake Pit.
             The game lasted 01:31:59 (20512 turns).

tyranidshit the Warrior (DsAK)                     Turns: 20512, Time: 01:32:00

Health: -5/161     AC: 47    Str: 25    XL:     16   Next: 34%
Magic:  23/23      EV: 13    Int: 15    God:    Lugonu [******]
Gold:   1383       SH:  0    Dex: 16    Spells: 1 memorised, 13 levels left

rFire  . . .     SeeInvis .     e - +5 battleaxe (distort)
rCold  + . .     Gourm    .     b - +15 Maxwell's patent armour {-Cast -Tele rElec MR+ rCorr}
rNeg   + . .     Faith    .     (shield currently unavailable)
rPois  .         Spirit   .     l - +1 hat
rElec  +         Dismiss  .     q - +2 cloak
rCorr  +         Reflect  .     N - +0 pair of gloves of Leaves {Str+4}
SustAt .         Harm     .     V - +1 pair of boots
MR     ++...     NoTele   +     W - amulet "Ycudde Xucur" {*Confuse +Fly rElec rN+ Regen+}
Stlth  .......... NoCast   +    S - ring "Zomnur" {EV+4 Str+4}
                                B - +4 ring of protection

@: confused, lethally poisoned (-5 -> -5), very resistant to hostile
enchantments, extremely unstealthy
A: antennae 1, claws 2, talons 1, rugged brown scales 3, agile 1, cold
resistance 1, powered by death 2, robust 1, electricity resistance, spiny 3
a: Depart the Abyss, Bend Space, Banish, Corrupt, Enter the Abyss, Renounce
Religion, Evoke Flight


You were on level 4 of the Snake Pit.
You worshipped Lugonu.
Lugonu was exalted by your worship.
You were not hungry.

You visited 4 branches of the dungeon, and saw 27 of its levels.
You visited the Abyss 1 time.
You also visited: Ice Cave.

You collected 2743 gold pieces.
You spent 1360 gold pieces at shops.

Inventory:

Hand Weapons
 a - a +1 hand axe
 e - a +5 battleaxe of distortion (weapon)
 g - a +0 broad axe of venom
 L - a +2 scimitar of flaming
Armour
 b - the +15 Maxwell's patent armour (worn) {-Cast -Tele rElec MR+ rCorr}
   (You found it on level 7 of the Lair of Beasts)

   It insulates you from electricity.
   It affects your resistance to hostile enchantments.
   It prevents spellcasting.
   It prevents most forms of teleportation.
   It protects you from acid and corrosion.
 l - a +1 hat (worn)
 q - a +2 cloak (worn)
 N - the +0 pair of gloves of Leaves (worn) {Str+4}
   (You acquired it on level 4 of the Lair of Beasts)

   It affects your strength (+4).
 V - a +1 pair of boots (worn)
Jewellery
 w - an uncursed amulet of guardian spirit
 y - a +4 amulet of reflection
 B - a +4 ring of protection (left hand)
 R - a cursed ring of ice
 S - the ring "Zomnur" (right hand) {EV+4 Str+4}
   (You found it in an ice cave)

   [ring of evasion]

   It affects your evasion (+4).
   It affects your strength (+4).
 W - the amulet "Ycudde Xucur" (around neck) {*Confuse +Fly rElec rN+ Regen+}
   (You bought it in a shop on level 2 of the Snake Pit)

   [amulet of regeneration]

   It insulates you from electricity.
   It protects you from negative energy.
   It lets you fly.
   It increases your rate of regeneration.
   It may confuse you when you take damage.
Wands
 n - a wand of teleportation (4/9)
 v - a wand of heal wounds (0/9)
 z - a wand of disintegration (10/24)
 C - a wand of iceblast (4/15)
 E - a wand of lightning (9/15)
 G - a wand of lightning (8/15)
 Y - a wand of polymorph (11/24)
Scrolls
 h - 3 scrolls of recharging
 k - 2 scrolls of fog
 t - 3 scrolls of fear
 u - 2 scrolls of amnesia
 D - 12 scrolls of remove curse
 F - 4 scrolls of teleportation
 I - 2 scrolls of identify
 X - a scroll of acquirement
Potions
 j - 2 potions of brilliance
 m - 2 potions of might
 o - a potion of haste
 p - 3 potions of cure mutation
 x - a potion of curing
 A - a potion of berserk rage
 H - a potion of resistance
 O - a potion of cancellation
 P - 3 potions of flight
 Q - 5 potions of agility
 U - 2 potions of heal wounds
Books
 c - a book of Necromancy

   Spells                             Type                      Level
   a - Pain                           Necromancy                   1
   b - Animate Skeleton               Necromancy                   1
   c - Vampiric Draining              Necromancy                   3
   d - Regeneration                   Charms/Necromancy            3
   e - Animate Dead                   Necromancy                   4
   f - Control Undead                 Necromancy                   4
Miscellaneous
 f - a phial of floods (inert)
 K - a disc of storms
Comestibles
 d - 21 fruits
 r - 5 royal jellies
 s - 9 meat rations
 J - 9 slices of pizza
 M - 2 bread rations
 T - 2 beef jerkies


   Skills:
 - Level 16.2 Fighting
 + Level 14.5 Axes
 + Level 14.6 Armour
 - Level 2.1 Dodging
 - Level 10.2 Invocations
 - Level 6.3 Evocations


You had 13 spell levels left.
You knew the following spells:

 Your Spells              Type           Power        Failure   Level  Hunger
a - Blink                 Tloc           N/A          100%        2    ###....


Dungeon Overview and Level Annotations

Branches:
Dungeon (13/15)            Temple (0/1) D:5            Lair (8/8) D:11
  Snake (4/4) Lair:5        Slime (0/6) Lair:8          Orc (2/2) D:9
    Elf (0/3) Orc:2        Vaults (0/5) D:13
  Swamp: Lair:3-6    Shoals: Lair:3-6

Altars:
Dithmenos
Elyvilon
Gozag
Kikubaaqudgha
Makhleb
Pakellas
Qazlal
Trog
Xom
Yredelemnul
Zin
Beogh
Jiyva

Shops:
Orc:2 ?%[:   Snake:2 =

Annotations:
Snake:3 Vashnia
Orc:2 Donald
Abyss:1 Azrael


Innate Abilities, Weirdness & Mutations

You have very sharp fingernails.
You are completely covered in rugged brown scales (AC +3, +7% HP).
You regenerate health from kills.
You are completely covered in sharp spines.
You have a pair of small antennae on your head.
You have sharp toenails.
You are agile. (Dex +2)
Your flesh is cold resistant.
You are robust (+10% HP).
You are resistant to electric shocks.


Message History

Unknown command.
Your unstable footing causes you to fumble your attack.
The salamander hits you from afar with a halberd!
You are engulfed in flames!
The salamander mystic gestures at you while chanting.
The bolt of magma hits you!
* * * LOW HITPOINT WARNING * * *
The naga warrior is struck by your spines.
The naga warrior hits you with a flail!
* * * LOW HITPOINT WARNING * * *
You hear a shout!
Evoke which item? (* to show all) (? for menu, Esc to quit)
Zapping:
v - a wand of heal wounds (1/9)
Press: ? - help, Shift-Dir - straight line, f - you You heal the naga warrior.
The naga warrior is completely healed.
This wand has 0 charges left.
The salamander mystic hits you with a scimitar.
* * * LOW HITPOINT WARNING * * *
You are engulfed in flames!
You die...

*,** **,...## *,..#*,,,**
**,,**** **,...# *.N#*,,,,,,
*,,,,,,* *##..#####.#*,,,,,,,
,,,,,,,*** #........#*,,,,,**,
,,,,,,,.,** #......$#*,,,**,,**
,,,,,,...,* ###...##.#*,,,**,,,,*
,,,,,,....###..§))NS.#,,,**,,,,,,
,,,,,,.......÷.N<)#S§'NS#*,,,,,,,
,,,,,,.8.....8.N@≈#..'NS#*,,,,,,,
,,,,,,............##.#SSS#*,,,,,,
,,,,,,............#*.##NS.#*,,,,*
,,,,,,............#*##*#.N.**,,**
*,,,,,............# **#N.,,,**,
**,,,,............# *,*#.,,,,,,
****,.8.....8....# *,,**,,,,,,
**,..........## **,,**,,,**
**######...## *,,,***,,,*


You could see a naga warrior, a salamander mystic, a salamander and a shock
serpent.

Vanquished Creatures
  Gastronok (Orc:1)
  3 greater nagas (Snake:3)
  Maud (D:11)
  The ghost of Britaniac the Thaumaturge, a journeyman GrFE of Sif Muna (D:12)
  Snorg (Lair:3)
  7 naga warriors
  An ice dragon (IceCv)
  6 hydras
  A catoblepas (Lair:8)
  Erica (D:11)
  An anaconda (Snake:4)
  An ogre mage (D:13)
  5 death yaks (Lair:8)
  4 orc high priests
  6 naga sharpshooters
  The ghost of ReniFell the Grappler, a novice TrMo of Cheibriados (D:8)
  6 shock serpents
  A death drake (shapeshifter) (D:13)
  A skeletal warrior (D:13)
  2 sea snakes (Snake:3)
  An unseen horror (D:10)
  2 naga ritualists
  Pikel (D:9)
  The ghost of tyranidshit the Fighter, a novice DsAK of Lugonu (D:7)
  4 hill giants
  2 orc knights (Orc:2)
  An ugly thing (D:11)
  A wolf spider (D:12)
  4 mana vipers
  5 cyclopes
  6 orc sorcerers
  4 deep elf magi (D:13)
  2 griffons
  6 salamanders
  16 black mambas
  2 ice statues (IceCv)
  Maurice (Orc:1)
  3 elephants (Lair:7)
  5 naga magi
  5 guardian serpents
  3 kobold demonologists (D:12)
  11 spiny frogs
  3 rime drakes
  2 gargoyles
  3 komodo dragons
  4 yaktaurs (D:13)
  A queen bee (D:8)
  4 trolls
  2 two-headed ogres (D:13)
  A polar bear (Lair:7)
  15 blink frogs
  A boulder beetle (Lair:7)
  6 redbacks (Snake:1)
  57 yaks
  A shadow (D:10)
  2 fire elementals (Orc:2)
  The ghost of tyranidshit the Skirmisher, an amateur DsAK of Lugonu (D:5)
  4 basilisks
  A wraith (D:13)
  3 vampire mosquitoes (Lair:1)
  11 hippogriffs
  Edmund (D:5)
  3 insubstantial wisps (Lair:1)
  4 wargs
  A mottled dragon (D:13)
  16 water moccasins
  35 nagas
  5 porcupines
  2 hell hounds (Orc:2)
  A sky beast (D:5)
  27 orc warriors
  32 ice beasts
  A slave (D:9)
  The ghost of tyranidshit the Skirmisher, an amateur DsAK of Lugonu (D:4)
  3 black bears
  3 phantoms
  11 ogres
  20 wolves
  18 crocodiles
  2 centaurs
  4 big kobolds
  16 giant frogs
  A wyvern zombie (D:6)
  A water moccasin zombie (D:5)
  A wyvern skeleton (D:13)
  A scorpion (D:12)
  15 killer bees (D:8)
  4 wights (D:10)
  2 electric eels
  8 howler monkeys
  5 crimson imps
  3 giant frog zombies
  A quasit (D:11)
  9 centaur skeletons
  4 centaur zombies
  8 hounds
  3 jellies
  13 orc priests
  Crazy Yiuf (D:5)
  18 orc wizards
  A giant frog skeleton (D:5)
  6 iguanas
  11 worker ants
  8 hell rats (Lair:4)
  21 sheep
  2 hound zombies (D:5)
  A worker ant zombie (D:5)
  4 gnolls (Orc:1)
  5 adders
  A howler monkey skeleton (D:5)
  56 river rats
  A shadow imp (D:6)
  4 adder skeletons
  5 worms
  A dart slug (D:1)
  4 giant geckos
  89 orcs
  3 ball pythons
  21 bats
  4 giant cockroaches
  4 goblins
  4 hobgoblins
  17 jackals
  18 kobolds
  5 quokkas
  A ball python zombie (D:5)
  A giant cockroach zombie (D:5)
  2 giant gecko skeletons (D:5)
  11 giant newts
  2 jackal skeletons
  2 jackal zombies
  3 quokka skeletons (D:5)
  A quokka zombie (D:5)
  18 rats
  A spectral orc (D:6)
  A fire vortex (Lair:6)
  7 fungi
  3 plants
912 creatures vanquished.

Vanquished Creatures (others)
  The ghost of TenguReborn the Lord of Darkness, a journeyman TeWn of Kikubaaqudgha (Lair:7)
  An ice dragon (IceCv)
  2 naga warriors
  An anaconda (Snake:3)
  A catoblepas (Lair:8)
  4 death yaks (Lair:8)
  A naga sharpshooter (Snake:1)
  A hill giant (D:11)
  A deep elf archer (D:13)
  2 orc knights (Orc:2)
  An orc sorcerer (Orc:1)
  2 naga magi
  A guardian serpent (Snake:4)
  A black mamba (Snake:3)
  2 spiny frogs (Lair:6)
  A rime drake (Lair:6)
  3 yaks
  A hippogriff (Lair:7)
  4 nagas
  An insubstantial wisp (Lair:1)
  3 orc warriors
  2 slaves (D:9)
  An ice beast (D:13)
  3 ogres
  A wolf (Lair:7)
  A giant frog zombie (D:13)
  A hound (Lair:2)
  A river rat (Lair:4)
  An orc (D:9)
  6 fungi
  15 plants
  11 starspawn tentacle segments (Abyss:2)
78 creatures vanquished.

Grand Total: 990 creatures vanquished

Notes
Turn   | Place    | Note
--------------------------------------------------------------
     0 | Abyss:1  | tyranidshit the Demonspawn Abyssal Knight began the quest for the Orb.
     0 | Abyss:1  | Reached XP level 1. HP: 18/18 MP: 2/2
    53 | Abyss:2  | Noticed a tentacled starspawn
    55 | D:1      | Escaped the Abyss
   189 | D:1      | Reached * piety under Lugonu
   203 | D:1      | Gained mutation: You are partially covered in sharp spines. [demonic ancestry]
   203 | D:1      | Reached XP level 2. HP: 9/24 MP: 3/3
   696 | D:1      | Reached skill level 4 in Fighting
   805 | D:2      | Reached XP level 3. HP: 29/30 MP: 4/4
  1034 | D:2      | Reached ** piety under Lugonu
  1214 | D:2      | Reached skill level 5 in Fighting
  1214 | D:2      | Gained mutation: You regenerate a little health from kills. [demonic ancestry]
  1214 | D:2      | Reached XP level 4. HP: 35/39 MP: 5/5
  1258 | D:2      | Found a white marble altar of Elyvilon.
  1258 | D:2      | Found an ancient bone altar of Kikubaaqudgha.
  1363 | D:2      | Gained mutation: Your skin changes colour to match your surroundings (Stealth). [potion of beneficial mutation]
  1758 | D:4      | Reached skill level 6 in Fighting
  1758 | D:4      | Gained mutation: You are partially covered in rugged brown scales (AC +1, +3% HP). [demonic ancestry]
  1758 | D:4      | Reached XP level 5. HP: 25/47 MP: 6/6
  1773 | D:4      | Found a shimmering altar of Xom.
  1806 | D:4      | Noticed tyranidshit's ghost (amateur DsAK)
  1903 | D:4      | Killed tyranidshit's ghost
  1903 | D:4      | Reached skill level 7 in Fighting
  1903 | D:4      | Reached XP level 6. HP: 25/56 MP: 7/7
  1991 | D:4      | Got a crude ring mail
  2016 | D:3      | Identified the +2 ring mail of the Harvest Moon {-Cast rPois rC- Str+6} (You found it on level 4 of the Dungeon)
  2092 | D:4      | Reached *** piety under Lugonu
  2210 | D:4      | Reached skill level 8 in Fighting
  2210 | D:4      | Reached XP level 7. HP: 28/63 MP: 8/8
  2229 | D:4      | Lost mutation: Your skin changes colour to match your surroundings (Stealth). [potion of cure mutation]
  2393 | D:5      | Entered Level 5 of the Dungeon
  2455 | D:5      | Noticed Edmund
  2468 | D:5      | Killed Edmund
  2568 | D:5      | Reached skill level 9 in Fighting
  2595 | D:5      | Noticed Crazy Yiuf
  2600 | D:5      | Killed Crazy Yiuf
  2600 | D:5      | Reached **** piety under Lugonu
  2673 | D:5      | Gained mutation: You have sharp fingernails. [demonic ancestry]
  2673 | D:5      | Reached XP level 8. HP: 61/74 MP: 9/9
  2699 | D:5      | Noticed tyranidshit's ghost (amateur DsAK)
  2712 | D:5      | Killed tyranidshit's ghost
  2712 | D:5      | Reached skill level 10 in Fighting
  3053 | D:5      | Found a staircase to the Ecumenical Temple.
  3267 | D:6      | Reached skill level 11 in Fighting
  3535 | D:6      | Gained mutation: You are mostly covered in sharp spines. [demonic ancestry]
  3535 | D:6      | Reached XP level 9. HP: 80/84 MP: 10/10
  3595 | D:6      | Found a basalt altar of Yredelemnul.
  3629 | D:6      | Reached skill level 12 in Fighting
  3836 | D:7      | Noticed tyranidshit's ghost (novice DsAK)
  3848 | D:7      | Killed tyranidshit's ghost
  4508 | D:8      | Noticed ReniFell's ghost (novice TrMo)
  4518 | D:8      | Gained mutation: Your flesh is cold resistant. [potion of mutation]
  4518 | D:8      | Gained mutation: You have a pair of small antennae on your head. [potion of mutation]
  4518 | D:8      | Gained mutation: You have sharp toenails. [potion of mutation]
  4685 | D:9      | Noticed Pikel
  4692 | D:9      | Killed Pikel
  4730 | D:9      | Reached ***** piety under Lugonu
  4730 | D:9      | Gained mutation: You are mostly covered in rugged brown scales (AC +2, +5% HP). [demonic ancestry]
  4730 | D:9      | Reached XP level 10. HP: 58/95 MP: 11/11
  4734 | D:9      | Reached skill level 5 in Armour
  4740 | D:9      | Reached skill level 5 in Axes
  4778 | D:9      | Found a staircase to the Orcish Mines.
  4859 | D:9      | Found a roughly hewn altar of Beogh.
  5038 | D:9      | Noticed a hill giant
  5046 | D:9      | Killed a hill giant
  5380 | D:10     | Entered Level 10 of the Dungeon
  5387 | D:10     | Killed an unseen horror
  5426 | D:10     | Noticed a cyclops
  5434 | D:10     | Killed a cyclops
  5473 | D:10     | Reached XP level 11. HP: 100/100 MP: 8/12
  5490 | D:10     | Noticed a hill giant
  5497 | D:10     | Killed a hill giant
  5630 | D:10     | Noticed a hill giant
  5747 | D:10     | Killed a hill giant
  6056 | D:8      | Found a glowing silver altar of Zin.
  6056 | D:8      | Found an opulent altar of Gozag.
  6151 | D:8      | Gained mutation: You are robust (+10% HP). [potion of mutation]
  6151 | D:8      | Gained mutation: You are agile. (Dex +2) [potion of mutation]
  6151 | D:8      | Gained mutation: You are resistant to electric shocks. [potion of mutation]
  6327 | D:8      | Killed ReniFell's ghost
  6366 | D:8      | Found a shadowy altar of Dithmenos.
  6366 | D:8      | Found a burning altar of Makhleb.
  6377 | D:8      | Found a stormy altar of Qazlal.
  6380 | D:8      | Found a bloodstained altar of Trog.
  6673 | D:11     | Reached ****** piety under Lugonu
  6703 | D:11     | Identified a +4 battleaxe of distortion (a +2 battleaxe corrupted by Lugonu)
  6703 | D:11     | Received a gift from Lugonu
  6783 | D:11     | Noticed a hill giant
  6787 | D:11     | Banished a hill giant
  6951 | D:11     | Noticed Erica
  6956 | D:11     | Killed Erica
  7112 | D:11     | Noticed Maud
  7124 | D:11     | Killed Maud
  7156 | D:11     | Reached skill level 10 in Armour
  7161 | D:11     | Reached skill level 10 in Axes
  7191 | D:11     | Gained mutation: You regenerate health from kills. [demonic ancestry]
  7191 | D:11     | Reached XP level 12. HP: 96/118 MP: 11/13
  7279 | D:11     | Found a staircase to the Lair.
  7288 | Lair:1   | Entered Level 1 of the Lair of Beasts
  7439 | Lair:1   | Found a frozen archway.
  7449 | IceCv    | Entered an ice cave
  7475 | IceCv    | Reached skill level 5 in Invocations
  7493 | IceCv    | Reached skill level 1 in Evocations
  7557 | IceCv    | Noticed an ice dragon
  7558 | IceCv    | Noticed an ice dragon
  7570 | IceCv    | Banished an ice dragon
  7658 | IceCv    | Killed an ice dragon
  7667 | IceCv    | Got a translucent jade ring
  7675 | IceCv    | Identified the ring "Zomnur" {EV+4 Str+4} (You found it in an ice cave)
  8868 | Lair:2   | Reached skill level 5 in Evocations
  9401 | Lair:3   | Noticed Snorg
  9407 | Lair:3   | Killed Snorg
  9407 | Lair:3   | Reached skill level 10 in Invocations
  9429 | Lair:3   | Gained mutation: You are completely covered in rugged brown scales (AC +3, +7% HP). [demonic ancestry]
  9429 | Lair:3   | Reached XP level 13. HP: 118/127 MP: 20/20
 10067 | Lair:4   | Reached skill level 13 in Fighting
 10223 | Lair:4   | Identified a scroll of acquirement
 10226 | Lair:4   | Got a pair of shimmering gloves
 10232 | Lair:4   | Identified the +0 pair of gloves of Leaves {Str+4} (You acquired it on level 4 of the Lair of Beasts)
 11159 | Lair:5   | Reached skill level 14 in Fighting
 11399 | Lair:5   | Found a staircase to the Snake Pit.
 12615 | Lair:7   | Reached skill level 1 in Dodging
 12898 | Lair:7   | Gained mutation: You have very sharp fingernails. [demonic ancestry]
 12898 | Lair:7   | Reached XP level 14. HP: 138/140 MP: 19/21
 12997 | Lair:7   | Noticed TenguReborn's ghost (journeyman TeWn)
 13002 | Lair:7   | Banished TenguReborn's ghost
 13347 | Lair:8   | Entered Level 8 of the Lair of Beasts
 13387 | Lair:8   | Found a staircase to the Slime Pits.
 13387 | Lair:8   | Found a viscous altar of Jiyva.
 13648 | Lair:8   | Reached skill level 15 in Fighting
 14355 | Orc:1    | Entered Level 1 of the Orcish Mines
 14356 | Orc:1    | Noticed Maurice
 14369 | Orc:1    | Killed Maurice
 14466 | Orc:2    | Entered Level 2 of the Orcish Mines
 14797 | Orc:1    | Reached skill level 16 in Fighting
 14954 | Orc:2    | Found a staircase to the Elven Halls.
 14957 | Orc:2    | Noticed Azrael
 15000 | Orc:2    | Banished Azrael
 15171 | Orc:2    | Found Desianat's Book Shop.
 15216 | Orc:2    | Found Xemeamubb's Food Shoppe.
 15223 | Orc:2    | Found Zuleifiwu's Magic Scroll Shop.
 15223 | Orc:2    | Found Fipoucarr's Antique Armour Shoppe.
 15268 | Orc:2    | Noticed Donald
 15412 | Orc:2    | Bought a book of Minor Magic for 340 gold pieces
 15415 | Orc:2    | Learned a level 2 spell: Blink
 15417 | Orc:2    | Bought a warped scale mail for 261 gold pieces
 15435 | Orc:2    | Identified the cursed +0 scale mail "Gucwoi" {rN+} (You bought it in a shop on level 2 of the Orcish Mines)
 15759 | Orc:1    | Noticed Gastronok
 15769 | Orc:1    | Killed Gastronok
 16209 | D:12     | Gained mutation: You are completely covered in sharp spines. [demonic ancestry]
 16209 | D:12     | Reached XP level 15. HP: 148/153 MP: 22/22
 16504 | D:12     | Noticed Britaniac's ghost (journeyman GrFE)
 16514 | D:12     | Killed Britaniac's ghost
 16892 | D:13     | Found an oddly glowing altar of Pakellas.
 17473 | D:13     | Found a gate to the Vaults.
 17689 | Snake:1  | Entered Level 1 of the Snake Pit
 18672 | Snake:2  | Found Oviuwnul's Jewellery Boutique.
 18682 | Snake:2  | Bought the amulet "Ycudde Xucur" {*Confuse +Fly rElec rN+ Regen+} for 759 gold pieces
 18759 | Snake:2  | Noticed a greater naga
 19030 | Snake:3  | Noticed a greater naga
 19046 | Snake:3  | Killed a greater naga
 19061 | Snake:3  | Reached XP level 16. HP: 86/161 MP: 23/23
 19606 | Snake:4  | Entered Level 4 of the Snake Pit
 20284 | Snake:4  | Noticed Vashnia
 20512 | Snake:4  | Slain by a salamander mystic

Skill      XL: |  1  2  3  4  5  6  7  8  9 10 11 12 13 14 15 16 |
---------------+-------------------------------------------------+-----
Fighting       | 4 5 6 7 8 9 11 12 14 16 | 16.2
Axes           | 4 7 10 11 12 13 14 | 14.5
Armour         | 4 7 10 11 12 14 | 14.6
Invocations    | 10 | 10.2
Evocations     | 6 |  6.3
Dodging        | 2 |  2.1

Action                   |  1- 3 |  4- 6 |  7- 9 | 10-12 | 13-15 | 16-18 || total
-------------------------+-------+-------+-------+-------+-------+-------++-------
Melee: Battleaxe         |    71 |    68 |   166 |   531 |  1014 |   124 ||  1974
       Kick              |       |       |     8 |   162 |    36 |       ||   206
       Scimitar          |       |       |       |       |    14 |       ||    14
Invok: Depart the Abyss  |     1 |       |       |       |       |       ||     1
       Brand Weapon With |       |       |       |     1 |       |       ||     1
       Bend Space        |       |       |       |       |     1 |     1 ||     2
Evoke: Wand              |       |     1 |     4 |    24 |    21 |     6 ||    56
       Phial of floods   |       |       |     1 |       |       |     1 ||     2
  Use: Scroll            |       |     9 |     6 |     7 |    11 |     6 ||    39
       Potion            |       |     4 |     6 |     5 |     2 |     1 ||    18
 Stab: Sleeping          |       |     4 |       |       |       |       ||     4
       Distracted        |       |     1 |       |       |       |       ||     1
  Eat: Bread ration      |       |     1 |     2 |     4 |     6 |       ||    13
       Chunk             |       |       |       |     1 |       |       ||     1
       Royal jelly       |       |       |       |       |     2 |     2 ||     4
       Fruit             |       |       |       |       |       |     1 ||     1
Armor: Leather armour    |    37 |     9 |       |       |       |       ||    46
       Chain mail        |       |    17 |       |       |       |       ||    17
       Ring mail         |       |     3 |   103 |   133 |    92 |       ||   331
       Plate armour      |       |       |       |   204 |   674 |   106 ||   984
Dodge: Dodged            |    60 |    19 |    85 |   249 |   631 |    59 ||  1103
Block: Other             |       |       |       |       |    68 |       ||    68
       Reflection        |       |       |       |       |     9 |       ||     9
